 Dungeon Crawl Stone Soup version 0.28.0-53-g5a82cb258f (webtiles) character file.

Game seed: 3954193686282946483

70 DemonSlayer the Firebug (level 4, -10/31 HPs)
             Began as a Demonspawn Fire Elementalist on July 31, 2022.
             Killed by divine providence
             ... invoked by an orc priest
              (13 damage)
             ... on level 3 of the Dungeon.
             The game lasted 00:04:42 (3082 turns).

DemonSlayer the Firebug (DsFE)                      Turns: 3082, Time: 00:04:43

Health: -10/31     AC:  3    Str:  9    XL:     4   Next: 4%
Magic:  2/7        EV: 12    Int: 18    God:
Gold:   101        SH:  0    Dex: 13    Spells: 2/8 levels left

rFire   . . .      SeeInvis .   c - +0 whip
rCold   . . .      Faith    .   (no shield)
rNeg    + . .      Spirit   .   a - +0 robe
rPois   .          Reflect  .   (no helmet)
rElec   .          Harm     .   (no cloak)
rCorr   .          Rampage  .   (no gloves)
Will    .....                   b - +0 pair of boots
Stlth   +.........              (no amulet)
HPRegen 0.10/turn               e - ring of positive energy
MPRegen 0.10/turn               (no ring)

@: confused, on berserk cooldown, slowed, very slow
A: ignite blood 1, demonic touch 1
a: no special abilities


You were on level 3 of the Dungeon.
You visited 1 branch of the dungeon, and saw 3 of its levels.

You collected 101 gold pieces.

Inventory:

Hand Weapons
 c - a +0 whip (weapon)
Armour
 a - a +0 robe (worn)
 b - a +0 pair of boots (worn)
Jewellery
 e - a ring of positive energy (left hand)
Scrolls
 g - a scroll of fear


   Skills:
 + Level 0.5 Fighting
 + Level 0.2 Maces & Flails
 + Level 2.2 Dodging
 + Level 2.3 Stealth
 + Level 0.2 Unarmed Combat
 + Level 2.5 Spellcasting
 + Level 1.4 Conjurations
 + Level 3.1 Fire Magic


You had 2 spell levels left.
You knew the following spells:

 Your Spells              Type           Power      Damage    Failure   Level
a - Foxfire               Conj/Fire      40%        2x1d6     7%          1
b - Scorch                Fire           26%        2d6       7%          2
c - Conjure Flame         Conj/Fire      10%        6-21      21%         3

Your spell library contained the following spells:

 Spells                   Type           Power      Damage    Failure   Level
 Inner Flame              Hex/Fire       8%         N/A       26%         3
 Call Canine Familiar     Summ           2%         N/A       45%         3
 Portal Projectile        Hex/Tloc       4%         N/A       45%         3
 Flame Wave               Conj/Fire      10%        2d5       54%         4
 Leda's Liquefaction      Hex/Erth       1%         N/A       86%         4


Dungeon Overview and Level Annotations

Branches:
Dungeon (3/15)

Altars:
Qazlal

Shops:
D:1 *


Innate Abilities, Weirdness & Mutations

Your demonic aura sometimes causes spilled blood to erupt in flames.
Your touch may inflict minor irresistible damage on your foes.


Message History

The magic dart hits you.
The orc priest looks braver for a moment.
You feel your anger nearly subside.
The endoplasm quivers.
You hear some strange, mumbled words.
You are confused.
Things that are here:
a +0 club; an orc corpse You are too confused!
You are too confused!
You are too confused!
You are too confused!
You are too confused!
You are too confused!
You are too confused!
You're too confused to move!
You are no longer berserk.
You are exhausted.
You feel yourself slow down.
You bump into the rock wall.
Something completely misses you.
You hear some strange, mumbled words.
You are more confused.
You barely miss something.
You touch something.
Something hits you.
The orc throws a boomerang.
The boomerang barely misses you.
The orc priest mumbles some strange prayers to Beogh against you.
Beogh smites you!
* * * LOW HITPOINT WARNING * * *
You bump into the rock wall.
Something hits you but does no damage. Something hits you.
* * * LOW HITPOINT WARNING * * *
You bump into the rock wall.
The orc throws a boomerang.
The boomerang closely misses you. Something hits you.
* * * LOW HITPOINT WARNING * * *
An adder comes into view.
The adder hisses angrily.
You hear some strange, mumbled words.
You are more confused.
You bump into the rock wall.
The orc priest calls down the wrath of Beogh upon you.
Beogh smites you!
You die...

# ##..
#.....###.....
#...#..#.oo...
..#......o..
...... ...
#... ..#
#.##.#
########J...#
#..@{.oooS..#
#<#########.#
#.# ... #.#
..J. #.# .....
#.# #.#. #.#
.# ... #..


You could see an orc priest, an adder, 2 orcs and an endoplasm.

Vanquished Creatures
  3 adders (D:2)
  A dart slug (D:2)
  An orc (D:3)
  6 ball pythons
  2 endoplasms (D:2)
  A giant cockroach (D:2)
  3 hobgoblins
  7 jackals
  A quokka (D:1)
  5 bats
  A frilled lizard (D:2)
  5 goblins
  A rat (D:1)
37 creatures vanquished.

Vanquished Creatures (collateral kills)
  3 foxfires (D:1)
3 creatures vanquished.

Vanquished Creatures (others)
  58 foxfires
58 creatures vanquished.

Grand Total: 98 creatures vanquished

Notes
Turn   | Place    | Note
-------+----------+-------------------------------------------
     0 | D:1      | DemonSlayer the Demonspawn Fire Elementalist began the
                  | quest for the Orb.
     0 | D:1      | Reached XP level 1. HP: 13/13 MP: 3/3
   954 | D:1      | Found Zust's General Store.
   971 | D:1      | Gained mutation: Your demonic aura sometimes causes spilled
                  | blood to erupt in flames. [demonic ancestry]
   971 | D:1      | Reached XP level 2. HP: 19/19 MP: 1/5
  1060 | D:1      | Learned a level 2 spell: Scorch
  2437 | D:2      | Gained mutation: Your touch may inflict minor irresistible
                  | damage on your foes. [demonic ancestry]
  2437 | D:2      | Reached XP level 3. HP: 25/25 MP: 3/6
  2524 | D:2      | Found a faded altar of an unknown god.
  2621 | D:2      | Reached skill level 3 in Fire Magic
  2765 | D:2      | Found a stormy altar of Qazlal.
  2978 | D:2      | Reached XP level 4. HP: 31/31 MP: 4/7
  3022 | D:2      | Learned a level 3 spell: Conjure Flame
  3082 | D:3      | Killed from afar by an orc priest

Illustrated notes

Levels and vault maps discovered:
D:1:      ncdulo_lavacross, layout_basic, serial_shops, nicolae_shop_crystal,
          serial_forest, infiniplex_forest_corner_1,
          infiniplex_forest_lined_room_, infiniplex_forest_clump_tiny,
          infiniplex_forest_fountain, infiniplex_forest_straight_4,
          infiniplex_forest_zigzag_1, infiniplex_forest_straight_5,
          infiniplex_forest_lined_room_3
D:2:      layout_rooms, basic_altar, ebering_ecumenical_altar_mist
D:3:      layout_loops_ring, nzn_hepliaklqana_mist_gate,
          nicolae_dithmenos_shadow_blocks, minmay_misc_feat_columns

Skill      XL: |  1  2  3 |
---------------+----------+-----
Stealth        | 2 |  2.3
Dodging        | 2 |  2.2
Fire Magic     | 3 |  3.1
Fighting       | |  0.5
Maces & Flails | |  0.2
Unarmed Combat | |  0.2
Spellcasting   | |  2.5
Conjurations   | |  1.4

Action                   |  1- 3 |  4- 6 || total
-------------------------+-------+-------++-------
Melee: Unarmed           |    84 |       ||    84
       Punch             |     1 |       ||     1
       Whip              |    45 |     1 ||    46
       Touch             |     4 |     1 ||     5
 Cast: Foxfire           |    43 |       ||    43
       Scorch            |    14 |     3 ||    17
  Use: Scroll            |     4 |     1 ||     5
       Potion            |       |     1 ||     1
 Stab: Sleeping          |     1 |       ||     1
Armor: Robe              |    62 |     1 ||    63
Dodge: Dodged            |   166 |     5 ||   171
